 Dungeon Crawl Stone Soup version 0.31-a0-1616-gbeaec30b81 (webtiles) character file.

Game seed: 15508442064304157630

523 Drazool the Cudgeller (level 7, 0/54 HPs)
             Began as a Barachi Fighter on Jan 11, 2024.
             Killed by divine providence
             ... invoked by an orc priest
              (14 damage)
             ... on level 4 of the Dungeon.
             The game lasted 00:15:14 (4083 turns).

Drazool the Cudgeller (Barachi Fighter)             Turns: 4083, Time: 00:15:14

Health: 0/54       AC: 10    Str: 19    XL:     7   Next: 22%
Magic:  7/7        EV:  9    Int:  8    God:
Gold:   199        SH:  5    Dex: 12    Spells: 6/6 levels left

rFire   . . .        i - +2 whip (elec)
rCold   . . .        c - +0 buckler
rNeg    . . .        b - +0 scale mail
rPois   .            e - +2 helmet
rElec   .            (no cloak)
rCorr   .            (no gloves)
SInv    .            (no boots)
Will    .....        n - amulet of magic regeneration Stlth
                     L - ring of flight
HPRegen 0.29/turn    (no ring)
MPRegen 0.50/turn

%: no passive effects
@: unable to hop, flying, slow
A: amphibious, slowness 1, strong legs 1, +LOS
a: Hop


You were on level 4 of the Dungeon.
You visited 1 branch of the dungeon, and saw 4 of its levels.
You also visited: Sewer.

You collected 221 gold pieces.
You spent 22 gold pieces at shops.


Innate Abilities, Weirdness & Mutations

You are amphibious.
You cover ground slowly.
You can hop short distances.
You have an extended range of vision and can be seen from far away.


   Skills:
 - Level 4.0 Fighting
 + Level 6.9 Maces & Flails
 - Level 3.0 Throwing
 - Level 4.0 Armour
 - Level 4.0 Shields


You had 6 spell levels left.
You didn't know any spells.
Your spell library was empty.

Inventory:

Hand Weapons
 a - a +0 flail
 i - a +2 whip of electrocution (weapon)
 o - a +2 dagger of electrocution
Missiles
 p - 4 poisoned darts
Armour
 b - a +0 scale mail (worn)
 c - a +0 buckler (worn)
 e - a +2 helmet (worn)
Jewellery
 n - an amulet of magic regeneration (around neck)
 L - a ring of flight (left hand)
Wands
 k - a wand of iceblast (6)
Scrolls
 f - 3 scrolls of teleportation {@r2}
 j - a scroll of poison
 q - 2 scrolls of fog
 r - a scroll of summoning
 s - a scroll of vulnerability
 u - a scroll of enchant weapon {unknown}
 y - a scroll of blinking
Potions
 d - 3 potions of might
 g - a potion of enlightenment {unknown}
 h - a potion of lignification {unknown}
 l - a potion of magic {unknown}
 m - 4 potions of curing {unknown}
 t - 3 potions of brilliance {unknown}
 v - 2 potions of invisibility {unknown}
 w - a potion of mutation {unknown}
 x - 3 potions of haste {unknown}

Dungeon Overview and Level Annotations

Branches:
Dungeon (4/15)              Sewer (visited)
 Temple: D:4-7

Altars:

Shops:
D:4 [*

Annotations:
D:4 2 runed translucent doors, Sirjeffry24's ghost, amateur HOFi

##...###......###.##
#.............#~###~
..#......####.#.'~~~ .
##......# #.#~'~~~ ..
#........# #.#~###~ ....
##.........##.###.##
.....#.....##............
.......o†.# #............
#....o@.# #..##......##
#..#.))## ##.###....##
###.. #..###...### ##..
#..........# #..
..######.... #.. #....
.#. #.... ##. #.... ..
#....


You could see an orc priest and an orc.


Message History

* * * LOW HITPOINT WARNING * * *
The orc hits you with a +2 mace of protection.
* * * LOW HITPOINT WARNING * * *
Unknown command.
You hit the orc.
The orc is heavily wounded.
You hit the orc.
The orc is almost dead.
The orc hits you but does no damage. x2
You barely miss the orc.
The orc is almost dead.
The orc hits you but does no damage. The orc closely misses you.
The orc priest hits you with a +0 club.
* * * LOW HITPOINT WARNING * * *
Unknown command.
You hit the orc.
You kill the orc!
The orc hits you but does no damage.
The orc priest hits you but does no damage.
You hit the orc priest.
The orc priest is lightly wounded.
You block the orc priest's attack. The orc closely misses you.
You hit the orc priest but do no damage.
The orc priest is lightly wounded.
You hit the orc priest.
The orc priest is moderately wounded.
The orc barely misses you.
The orc priest calls down the wrath of Beogh upon you.
Beogh smites you!
You die...

Skill      XL: |  1  2  3  4  5  6 |
---------------+-------------------+-----
Maces & Flails | 3 4 5 6 |  6.9
Fighting       | 4 |  4.0
Armour         | 4 |  4.0
Shields        | 4 |  4.0
Throwing       | 1 3 |  3.0

Action                     |  1- 3 |  4- 6 |  7- 9 || total
---------------------------+-------+-------+-------++-------
  Melee: Flail             |   161 |    92 |       ||   253
         Whip              |       |   161 |    40 ||   201
  Throw: Dart              |       |     8 |       ||     8
Ability: Hop               |       |     3 |     2 ||     5
    Use: Scroll            |       |     7 |     1 ||     8
 Armour: Scale mail        |    99 |   103 |    26 ||   228
  Dodge: Dodged            |    68 |    84 |    13 ||   165
  Block: Buckler           |    42 |    39 |    11 ||    92

Levels and vault maps discovered:
D:1:      lightli_arrival_statue_moat, layout_loops_corners, minmay_lizard_king
D:2:      layout_loops_ring, st_stairs_4, minmay_unequal, uniq_robin
D:3:      layout_loops_ring, st_stairs_7, minmay_misc_feat_cross
D:4:      layout_layer_cave, slow_altar_1, serial_shops, shop,
          nicolae_shop_advertising_works [nicolae_subvault_shop_adworks],
          nicolae_lakefront_shop, gammafunk_ghost_split, gup_sewer_entry_bowl,
          grunt_ministairs_2

Notes
Turn   | Place    | Note
-------+----------+-------------------------------------------
     0 | D:1      | Drazool the Barachi Fighter began the quest for the Orb.
     0 | D:1      | Reached XP level 1. HP: 18/18 MP: 1/1
   187 | D:1      | Reached XP level 2. HP: 16/24 MP: 2/2
   221 | D:1      | Reached skill level 3 in Maces & Flails
   686 | D:1      | Reached XP level 3. HP: 25/29 MP: 3/3
  1157 | D:1      | Reached skill level 4 in Maces & Flails
  1351 | D:2      | Reached XP level 4. HP: 36/36 MP: 4/4
  1734 | D:2      | Noticed Robin
  1937 | D:2      | Killed Robin
  1938 | D:2      | Reached skill level 5 in Maces & Flails
  2357 | D:3      | Reached XP level 5. HP: 39/41 MP: 5/5
  2391 | D:3      | Reached skill level 6 in Maces & Flails
  2845 | D:3      | Reached skill level 4 in Fighting
  3077 | D:3      | Reached skill level 4 in Armour
  3141 | D:4      | Reached skill level 4 in Shields
  3141 | D:4      | Reached skill level 1 in Throwing
  3141 | D:4      | Reached XP level 6. HP: 39/48 MP: 6/6
  3195 | D:4      | Found a glowing drain.
  3199 | Sewer    | Entered a sewer
  3320 | Sewer    | Reached skill level 2 in Throwing
  3428 | Sewer    | Reached skill level 3 in Throwing
  3444 | Sewer    | Found a viscous altar of Jiyva.
  3747 | D:4      | Found Gyclafeuj's Armour Shoppe.
  3863 | D:4      | Reached XP level 7. HP: 41/54 MP: 7/7
  3961 | D:4      | Noticed Sirjeffry24's ghost (amateur HOFi)
  3962 | D:4      | Found a runed translucent gate.
  3962 | D:4      | Found a runed translucent gate.
  4041 | D:4      | Found Bumy's Assorted Antiques.
  4051 | D:4      | Bought a scroll labelled DUYMADDU QUXEI for 22 gold pieces
  4083 | D:4      | Killed from afar by an orc priest

Vanquished Creatures
  A scorpion (D:4)
  2 bombardier beetles
  2 jellies (Sewer)
  A hound (D:4)
  An orc priest (D:4)
  An orc wizard (D:4)
  Robin (D:2)
  5 adders
  4 gnolls
  A river rat (Sewer)
  A dart slug (D:1)
  3 ribbon worms
  10 orcs
  13 endoplasms
  5 giant cockroaches
  18 goblins
  8 hobgoblins
  7 jackals
  6 kobolds
  2 quokkas
  11 ball pythons
  5 bats
  12 frilled lizards
  14 rats
134 creatures vanquished.

Table legend: (Time is in decaauts)
 A = Elapsed time spent in this place.
 B = Non-inter-level travel time spent in this place.
 C = Inter-level travel time spent in this place.
 D = Time resting spent in this place.
 E = Time spent auto-exploring this place.
 F = Levels seen in this place.
 G = Mean time per level.
                   A        B        C        D        E       F      G
               +--------+--------+--------+--------+--------+-----+--------+
         Total |   4656 |   4496 |    160 |    288 |   2888 |   5 |  931.2 |
       Dungeon |   4300 |   4140 |    160 |    288 |   2716 |   4 | 1075.0 |
         Sewer |    356 |    356 |      0 |      0 |    172 |   1 |  356.0 |
               +--------+--------+--------+--------+--------+-----+--------+

Top non-repeatable levels by time:
     D:1: 1641 daAuts
     D:3: 977 daAuts
     D:2: 844 daAuts
     D:4: 837 daAuts
   Sewer: 356 daAuts

Table legend:
 A = Non-vault XP
 B = Vault XP
 C = Vault XP percentage of total XP
 D = Non-vault monster count
 E = Vault monster count
 F = Vault count percentage of total count
                 A         B        C        D         E       F
            +---------+---------+-------+---------+---------+-------
      Total |     514 |     234 |  31.3 |      74 |      60 |  44.8
            +---------+---------+-------+---------+---------+-------
        D:1 |      51 |      18 |  26.1 |      21 |      13 |  38.2
        D:2 |      39 |      35 |  47.3 |      17 |      11 |  39.3
        D:3 |     143 |       5 |   3.4 |      23 |       3 |  11.5
        D:4 |     281 |       9 |   3.1 |      13 |       5 |  27.8
      Sewer |       0 |     167 | 100.0 |       0 |      28 | 100.0
            +---------+---------+-------+---------+---------+-------
